TOP OF THE 1ST |
Maryland Terrapins batting - Pitching for Vanderbilt Commodores : RHP Miguel Ortíz
|
Pitching: RHP Miguel Ortíz
|
|
Batting: SHB Caden Keith
|
0-0: SOLO HOME RUN (Flyball, 9D), Distance : 350 ft
|
Batting: RHB Glenn Carroll
|
0-0: Ball 1-0: Fly out, F8 (Flyball, 8RM)
|
Batting: LHB Armando Torres
|
0-0: Ball 1-0: Called Strike 1-1: Swinging Strike 1-2: Strikes out swinging
|
Batting: SHB Frank Johnston
|
0-0: Ball 1-0: Foul Ball, location: 2F 1-1: SINGLE (Groundball, 34)
|
Batting: SHB Tom Johnson
|
0-0: Ball 1-0: Foul Ball, location: 2F 1-1: Fielders Choice at 2nd, U6 (Groundball, 6M)
|
Top of the 1st over - 1 run(s), 2 hit(s), 0 error(s), 1 left on base; Maryland 1 - Vanderbilt 0 |
BOTTOM OF THE 1ST |
Vanderbilt Commodores batting - Pitching for Maryland Terrapins : LHP George Moore
|
Pitching: LHP George Moore
|
|
Batting: SHB David Jones
|
0-0: Ball 1-0: Foul Ball, location: 2F 1-1: Ball 2-1: Foul Ball, location: 2F 2-2: Foul Ball, location: 2F 2-2: Ball 3-2: SINGLE (Line Drive, 6M)
|
Batting: SHB Marvin López
|
0-0: Ball 1-0: Ball 2-0: SINGLE (Groundball, 4M) David Jones to second
|
Batting: RHB Dalton Gray
|
0-0: 3-RUN HOME RUN (Flyball, 7D), Distance : 354 ft
|
Batting: RHB Andy Toledo
|
0-0: Called Strike 0-1: Ball 1-1: Foul Ball, location: 2F 1-2: Strikes out swinging
|
Batting: LHB Robbie Turner
|
0-0: Ball 1-0: Ball 2-0: Ball 3-0: Swinging Strike 3-1: Foul Ball, location: 2F 3-2: Base on Balls
|
Batting: RHB Herman Parker
|
0-0: Ball 1-0: Called Strike 1-1: Swinging Strike 1-2: Foul Ball, location: 2F 1-2: Strikes out swinging
|
Batting: LHB Micah Brantley
|
0-0: Ball 1-0: Foul Ball, location: 2F 1-1: Swinging Strike 1-2: Ball 2-2: Ball 3-2: Strikes out swinging
|
Bottom of the 1st over - 3 run(s), 3 hit(s), 0 error(s), 1 left on base; Maryland 1 - Vanderbilt 3 |
TOP OF THE 2ND |
Maryland Terrapins batting - Pitching for Vanderbilt Commodores : RHP Miguel Ortíz
|
Batting: RHB Jesús López
|
0-0: Ball 1-0: Ball 2-0: Foul Ball, location: 2F 2-1: Fly out, F3 (Popup, 23F)
|
Batting: SHB Leonard Adams
|
0-0: Ground out 4-3 (Groundball, 4)
|
Batting: RHB Pedro Echevarría
|
0-0: Ball 1-0: Called Strike 1-1: Called Strike 1-2: Ball 2-2: Ball 3-2: Foul Ball, location: 2F 3-2: Base on Balls
|
Batting: RHB Ken Boyd
|
0-0: Called Strike 0-1: Foul Ball, location: 2F 0-2: Ball 1-2: Ball 2-2: Ball 3-2: Foul Ball, location: 2F 3-2: Base on Balls Pedro Echevarría to second
|
Batting: SHB Caden Keith
|
0-0: Called Strike 0-1: Swinging Strike 0-2: Foul Ball, location: 2F 0-2: Ball 1-2: Strikes out swinging
|
Top of the 2nd over - 0 run(s), 0 hit(s), 0 error(s), 2 left on base; Maryland 1 - Vanderbilt 3 |
BOTTOM OF THE 2ND |
Vanderbilt Commodores batting - Pitching for Maryland Terrapins : LHP George Moore
|
Batting: RHB Robert Warner
|
0-0: Ball 1-0: Called Strike 1-1: Called Strike 1-2: Foul Ball, location: 2F 1-2: Ball 2-2: Strikes out swinging
|
Batting: LHB Will Holt
|
0-0: Ball 1-0: Called Strike 1-1: Ball 2-1: Ground out 4-3 (Groundball, 4MS)
|
Batting: SHB David Jones
|
0-0: Called Strike 0-1: Ball 1-1: Called Strike 1-2: Ball 2-2: Ball 3-2: Strikes out looking
|
Bottom of the 2nd over - 0 run(s), 0 hit(s), 0 error(s), 0 left on base; Maryland 1 - Vanderbilt 3 |
TOP OF THE 3RD |
Maryland Terrapins batting - Pitching for Vanderbilt Commodores : RHP Miguel Ortíz
|
Batting: RHB Glenn Carroll
|
0-0: Called Strike 0-1: Swinging Strike 0-2: Strikes out swinging
|
Batting: LHB Armando Torres
|
0-0: SINGLE (Line Drive, 7S)
|
Batting: SHB Frank Johnston
|
0-0: Called Strike 0-1: Fly out, F5 (Popup, 5D)
|
Batting: SHB Tom Johnson
|
0-0: Ball 1-0: Called Strike 1-1: Ball Armando Torres is caught stealing 2nd base
|
Top of the 3rd over - 0 run(s), 1 hit(s), 0 error(s), 0 left on base; Maryland 1 - Vanderbilt 3 |
BOTTOM OF THE 3RD |
Vanderbilt Commodores batting - Pitching for Maryland Terrapins : LHP George Moore
|
Batting: SHB Marvin López
|
0-0: Ground out 1-3 (Groundball, 25)
|
Batting: RHB Dalton Gray
|
0-0: Called Strike 0-1: Swinging Strike 0-2: Ground out 5-3 (Groundball, 56)
|
Batting: RHB Andy Toledo
|
0-0: Swinging Strike 0-1: Swinging Strike 0-2: Strikes out swinging
|
Bottom of the 3rd over - 0 run(s), 0 hit(s), 0 error(s), 0 left on base; Maryland 1 - Vanderbilt 3 |
TOP OF THE 4TH |
Maryland Terrapins batting - Pitching for Vanderbilt Commodores : RHP Miguel Ortíz
|
Batting: SHB Tom Johnson
|
0-0: Swinging Strike 0-1: Called Strike 0-2: Ground out 4-3 (Groundball, 4)
|
Batting: RHB Jesús López
|
0-0: Called Strike 0-1: Called Strike 0-2: Ball 1-2: Strikes out swinging
|
Batting: SHB Leonard Adams
|
0-0: Called Strike 0-1: Called Strike 0-2: Ball 1-2: Ball 2-2: Ball 3-2: Foul Ball, location: 2F 3-2: Ground out 4-3 (Groundball, 34)
|
Top of the 4th over - 0 run(s), 0 hit(s), 0 error(s), 0 left on base; Maryland 1 - Vanderbilt 3 |
BOTTOM OF THE 4TH |
Vanderbilt Commodores batting - Pitching for Maryland Terrapins : LHP George Moore
|
Batting: LHB Robbie Turner
|
0-0: Swinging Strike 0-1: Swinging Strike 0-2: Foul Ball, location: 2F 0-2: Ball 1-2: Ball 2-2: Foul Ball, location: 2F 2-2: SINGLE (Groundball, 4MD)
|
Batting: RHB Herman Parker
|
0-0: Ball 1-0: Foul Ball, location: 2F 1-1: Swinging Strike 1-2: Strikes out swinging
|
Batting: LHB Micah Brantley
|
0-0: Called Strike 0-1: Reached on error, E4 (Groundball, 34) Robbie Turner to second
|
Batting: RHB Robert Warner
|
0-0: Called Strike 0-1: Fly out, F5 (Popup, 7LSF)
|
Batting: LHB Will Holt
|
0-0: Called Strike 0-1: Ball 1-1: Ball 2-1: Ball 3-1: Called Strike 3-2: Base on Balls Robbie Turner to third Micah Brantley to second
|
Batting: SHB David Jones
|
0-0: Called Strike 0-1: Ball 1-1: Fly out, F8 (Flyball, 8RM)
|
Bottom of the 4th over - 0 run(s), 1 hit(s), 1 error(s), 3 left on base; Maryland 1 - Vanderbilt 3 |
TOP OF THE 5TH |
Maryland Terrapins batting - Pitching for Vanderbilt Commodores : RHP Miguel Ortíz
|
Batting: RHB Pedro Echevarría
|
0-0: Fly out, F9 (Flyball, 89S)
|
Batting: RHB Ken Boyd
|
0-0: Swinging Strike 0-1: Called Strike 0-2: Ground out 5-3 (Groundball, 56)
|
Batting: SHB Caden Keith
|
0-0: Ball 1-0: Ball 2-0: Foul Ball, location: 2F 2-1: Swinging Strike 2-2: SOLO HOME RUN (Flyball, 9D), Distance : 361 ft
|
Batting: RHB Glenn Carroll
|
0-0: Reached on error, E6 (Groundball, 6)
|
Batting: LHB Armando Torres
|
0-0: Ball 1-0: Swinging Strike 1-1: Called Strike 1-2: Foul Ball, location: 2F 1-2: Ball 2-2: Fly out, F2 (Popup, 2LF)
|
Top of the 5th over - 1 run(s), 1 hit(s), 1 error(s), 1 left on base; Maryland 2 - Vanderbilt 3 |
BOTTOM OF THE 5TH |
Vanderbilt Commodores batting - Pitching for Maryland Terrapins : LHP George Moore
|
Batting: SHB Marvin López
|
0-0: Called Strike 0-1: Foul Ball, location: 2F 0-2: Strikes out looking
|
Pitching: RHP Neal Hayes
|
|
Batting: RHB Dalton Gray
|
0-0: Called Strike 0-1: Ball 1-1: Ball 2-1: Ball 3-1: Ground out 4-3 (Groundball, 4)
|
Batting: RHB Andy Toledo
|
0-0: Ball 1-0: Fly out, F7 (Line Drive, 78D)
|
Bottom of the 5th over - 0 run(s), 0 hit(s), 0 error(s), 0 left on base; Maryland 2 - Vanderbilt 3 |
TOP OF THE 6TH |
Maryland Terrapins batting - Pitching for Vanderbilt Commodores : RHP Miguel Ortíz
|
Batting: SHB Frank Johnston
|
0-0: Ball 1-0: Ball 2-0: Foul Ball, location: 2F 2-1: Foul Ball, location: 2F 2-2: Strikes out looking
|
Pitching: RHP Max Kessinger
|
|
Batting: SHB Tom Johnson
|
0-0: Foul Ball, location: 2F 0-1: Foul Ball, location: 2F 0-2: Ground out 6-3 (Groundball, 6)
|
Batting: RHB Jesús López
|
0-0: Called Strike 0-1: Foul Ball, location: 2F 0-2: SINGLE (Line Drive, 56)
|
Batting: SHB Leonard Adams
|
0-0: Ball 1-0: Ball 2-0: Ball 3-0: Swinging Strike 3-1: Foul Ball, location: 2F 3-2: 2-RUN HOME RUN (Line Drive, 89XD), Distance : 385 ft
|
Batting: RHB Pedro Echevarría
|
0-0: Foul Ball, location: 2F 0-1: Ball 1-1: Ball 2-1: Ball 3-1: Base on Balls
|
Batting: RHB Ken Boyd
|
0-0: Ball Pedro Echevarría is caught stealing 2nd base
|
Top of the 6th over - 2 run(s), 2 hit(s), 0 error(s), 0 left on base; Maryland 4 - Vanderbilt 3 |
BOTTOM OF THE 6TH |
Vanderbilt Commodores batting - Pitching for Maryland Terrapins : RHP Neal Hayes
|
Batting: LHB Robbie Turner
|
0-0: Called Strike 0-1: Foul Ball, location: 2F 0-2: Fly out, F9 (Line Drive, 89M)
|
Batting: RHB Herman Parker
|
0-0: SOLO HOME RUN (Flyball, 8LXD), Distance : 411 ft
|
Batting: LHB Micah Brantley
|
0-0: Ground out 2-3 (Groundball, 23)
|
Batting: RHB Robert Warner
|
0-0: Ground out 5-3 (Groundball, 5)
|
Bottom of the 6th over - 1 run(s), 1 hit(s), 0 error(s), 0 left on base; Maryland 4 - Vanderbilt 4 |
TOP OF THE 7TH |
Maryland Terrapins batting - Pitching for Vanderbilt Commodores : RHP Max Kessinger
|
Batting: RHB Ken Boyd
|
0-0: Ball 1-0: Foul Ball, location: 2F 1-1: Swinging Strike 1-2: Ball 2-2: Foul Ball, location: 2F 2-2: Strikes out looking
|
Batting: SHB Caden Keith
|
0-0: Ball 1-0: Ball 2-0: Ball 3-0: Base on Balls
|
Batting: RHB Glenn Carroll
|
0-0: Ball 1-0: Ball 2-0: Called Strike 2-1: Ball 3-1: SINGLE (Line Drive, 3) Caden Keith to second
|
Pitching: RHP Alan Ford
|
|
Batting: LHB Armando Torres
|
0-0: Fly out, F8 (Flyball, 8LM)
|
Batting: SHB Frank Johnston
|
0-0: Fly out, F7 (Flyball, 78M)
|
Top of the 7th over - 0 run(s), 1 hit(s), 0 error(s), 2 left on base; Maryland 4 - Vanderbilt 4 |
BOTTOM OF THE 7TH |
Vanderbilt Commodores batting - Pitching for Maryland Terrapins : RHP Neal Hayes
|
Batting: LHB Will Holt
|
0-0: Foul Ball, location: 2F 0-1: Ball 1-1: Foul Ball, location: 2F 1-2: Ball 2-2: Ball 3-2: Strikes out swinging
|
Pitching: RHP Mike Williams
|
|
Batting: SHB David Jones
|
0-0: Ball 1-0: Ground out 4-3 (Groundball, 4)
|
Batting: SHB Marvin López
|
0-0: Ball 1-0: Ball 2-0: Swinging Strike 2-1: Called Strike 2-2: Ball 3-2: Strikes out swinging
|
Bottom of the 7th over - 0 run(s), 0 hit(s), 0 error(s), 0 left on base; Maryland 4 - Vanderbilt 4 |
TOP OF THE 8TH |
Maryland Terrapins batting - Pitching for Vanderbilt Commodores : RHP Alan Ford
|
Batting: SHB Tom Johnson
|
0-0: Called Strike 0-1: Ball 1-1: Ball 2-1: Ball 3-1: Base on Balls
|
Batting: RHB Jesús López
|
0-0: Foul Ball, location: 2F 0-1: Ball 1-1: Ball 2-1: Ball 3-1: Base on Balls Tom Johnson to second
|
Batting: SHB Leonard Adams
|
0-0: Called Strike 0-1: Ball 1-1: Ball 2-1: SINGLE (Line Drive, 8RS) Tom Johnson to third Jesús López to second
|
Batting: RHB Pedro Echevarría
|
0-0: Ball 1-0: Foul Ball, location: 2F 1-1: Foul Ball, location: 2F 1-2: Ball 2-2: Foul Ball, location: 2F 2-2: Ball 3-2: Foul Ball, location: 2F 3-2: Base on Balls Tom Johnson scores Jesús López to third Leonard Adams to second
|
Batting: RHB Ken Boyd
|
0-0: Called Strike 0-1: Ball 1-1: Called Strike 1-2: Foul Ball, location: 2F 1-2: Strikes out swinging
|
Batting: SHB Caden Keith
|
0-0: Called Strike 0-1: Ball 1-1: Ball 2-1: Ball 3-1: Base on Balls Jesús López scores Leonard Adams to third Pedro Echevarría to second
|
Batting: RHB Glenn Carroll
|
0-0: Called Strike 0-1: Ball 1-1: Ground out 5-3 (Groundball, 56S) Leonard Adams scores Pedro Echevarría to third Caden Keith to second
|
Pitching: RHP Luis Chapa
|
|
Batting: LHB Armando Torres
|
0-0: Ball 1-0: Ball 2-0: Fly out, F5 (Line Drive, 56)
|
Top of the 8th over - 3 run(s), 1 hit(s), 0 error(s), 2 left on base; Maryland 7 - Vanderbilt 4 |
BOTTOM OF THE 8TH |
Vanderbilt Commodores batting - Pitching for Maryland Terrapins : RHP Mike Williams
|
Now at 1B: Will Sawyer
|
|
Batting: RHB Dalton Gray
|
0-0: Ball 1-0: Called Strike 1-1: Called Strike 1-2: Strikes out swinging
|
Batting: RHB Andy Toledo
|
0-0: Foul Ball, location: 2F 0-1: Ball 1-1: Fly out, F8 (Flyball, 8LM)
|
Batting: LHB Robbie Turner
|
0-0: Ball 1-0: Called Strike 1-1: Called Strike 1-2: Ball 2-2: Ball 3-2: Foul Ball, location: 2F 3-2: Base on Balls
|
Pitching: RHP Pete Gillespie
|
|
Batting: RHB Herman Parker
|
0-0: Ball 1-0: Swinging Strike 1-1: Ball 2-1: Foul Ball, location: 2F 2-2: Ball 3-2: Base on Balls Robbie Turner to second
|
Pitching: LHP Luis Luján
|
|
Batting: LHB Micah Brantley
|
0-0: Ball 1-0: Fly out, F7 (Popup, 5D)
|
Bottom of the 8th over - 0 run(s), 0 hit(s), 0 error(s), 2 left on base; Maryland 7 - Vanderbilt 4 |
TOP OF THE 9TH |
Maryland Terrapins batting - Pitching for Vanderbilt Commodores : RHP Luis Chapa
|
Batting: SHB Frank Johnston
|
0-0: Foul Ball, location: 2F 0-1: Swinging Strike 0-2: Foul Ball, location: 2F 0-2: Strikes out swinging
|
Batting: SHB Tom Johnson
|
0-0: Ball 1-0: Called Strike 1-1: Ball 2-1: Swinging Strike 2-2: Ball 3-2: Strikes out looking
|
Batting: RHB Jesús López
|
0-0: Ball 1-0: SOLO HOME RUN (Line Drive, 7D), Distance : 374 ft
|
Batting: SHB Leonard Adams
|
0-0: Foul Ball, location: 2F
|
|
|
|
0-1: Foul Ball, location: 2F 0-2: Ball 1-2: Foul Ball, location: 2F 1-2: DOUBLE (Flyball, 78M)
|
Batting: RHB Pedro Echevarría
|
0-0: Called Strike 0-1: Ground out 5-3 (Groundball, 5L)
|
Top of the 9th over - 1 run(s), 2 hit(s), 0 error(s), 1 left on base; Maryland 8 - Vanderbilt 4 |
BOTTOM OF THE 9TH |
Vanderbilt Commodores batting - Pitching for Maryland Terrapins : LHP Luis Luján
|
Batting: RHB Robert Warner
|
0-0: Ball 1-0: Fly out, F8 (Flyball, 8RM)
|
Batting: LHB Will Holt
|
0-0: Called Strike 0-1: Ball 1-1: Foul Ball, location: 2F 1-2: Ball 2-2: Ball 3-2: Strikes out swinging
|
Batting: SHB David Jones
|
0-0: Foul Ball, location: 2F 0-1: Foul Ball, location: 2F 0-2: Ball 1-2: Ball 2-2: SINGLE (Line Drive, 7S)
|
Batting: SHB Marvin López
|
0-0: Called Strike 0-1: Called Strike 0-2: Fly out, F4 (Line Drive, 4)
|
Bottom of the 9th over - 0 run(s), 1 hit(s), 0 error(s), 1 left on base; Maryland 8 - Vanderbilt 4 |
|
|